[Event "Late-Titled-Tuesday-Blitz-September-12-2023"]
[Site "Chess.com"]
[Date "2023.09.12"]
[Round "9"]
[White "zajka-molotok"]
[Black "Garmendiarov"]
[Result "1-0"]
[WhiteElo "2503"]
[BlackElo "2359"]
[TimeControl "180+1"]
[EndTime "15:40:53 PDT"]
[Termination "zajka-molotok won by checkmate"]

1. e4 c5 2. Nf3 d6 3. Bb5+ Nd7 4. a4 Nf6 5. Nc3 a6 6. Be2 g6 7. O-O Bg7 8. d3 O-O 9. a5 Nb8 10. Nd2 Nc6 11. Nc4 e6 12. Bf4 d5 13. Nb6 Ra7 14.
Nxc8 Qxc8 15. exd5 Nxd5 16. Nxd5 exd5 17. Bd6 Rd8 18.
Bxc5 Ra8 19. d4 Qf5 20. Bg4 Qf4 21. g3 Qf6 22. c3 h5 23. Bh3 h4 24. Qg4 Ne7 25.
Qxh4 Qxh4 26. gxh4 Nf5 27. h5 Bf6 28. hxg6 fxg6 29.
Bxf5 gxf5 30. Kh1 Kf7 31. Rae1 Rh8 32. Rg1 Rh3 33. Rg3 Rah8 34. Rxh3 Rxh3 35. Kg2 Rd3 36. Re3 Rd2 37. b3 Rb2 38. b4 Bh4 39. Rf3 Kg6 40. Bd6 Bg5 41. Bf4 Bf6 42. Re3 Kf7 43.
Kg3 Rb1 44. h3 Rg1+ 45. Kh2 Rg8 46. Be5 Bg5 47. Rg3 f4 48. Rg4 Bh6 49. Rxg8 Kxg8 50. Kg2 Kf7 51. Kf3 Ke6 52. Bxf4 Bf8 53. Bd2 Kf5 54.
Ke2 Be7 55. Kd3 Bf6 56. c4 dxc4+ 57. Kxc4 Ke6 58. d5+ Kd7 59. f3 Be5 60. Bc3 Bg3 61. Bd4 Kc7 62. Bc5 Kd7 63. Kd4 Kc7 64. Ke4 Kd7 65.
Kf5 Kc7 66. Kg4 Be5 67. f4 Bg7 68. f5 Kd7 69. Kg5 Ke8 70. Kg6 Be5 71. f6 Kd7 72. f7 Bd6 73. Bxd6 b5 74. Bc5 Kc7 75. f8=Q Kd7 76.
Qe7+ Kc8 77. Qe6+ Kb7 78. Qc6+ Kb8 79. Qb6+ Kc8 80. Qxa6+ Kd7 81. Qxb5+ Kc8 82. Qc6+ Kd8 83. Qb7 Ke8 84. Qe7# 1-0

[Event "Late-Titled-Tuesday-Blitz-September-12-2023"]
[Site "Chess.com"]
[Date "2023.09.12"]
[Round "9"]
[White "S-Fazulyanov"]
[Black "traack"]
[Result "1-0"]
[WhiteElo "2464"]
[BlackElo "2350"]
[TimeControl "180+1"]
[EndTime "15:40:58 PDT"]
[Termination "S-Fazulyanov won by checkmate"]

1. e4 c5 2. Nf3 e6 3. c4 Nc6 4. Nc3 Nf6 5. Be2 Be7 6. O-O O-O 7.
d4 cxd4 8. Nxd4 d6 9. Be3 Bd7 10. Rc1 Nxd4 11. Bxd4 Bc6 12. f3 Re8 13. Qd2 Bf8 14.
b4 a6 15. a4 a5 16. b5 Bd7 17. Qe3 Qc8 18. Nb1 Rd8 19. Rc2 Be8 20. Rfc1 Nd7 21. f4 Qc7 22. Bf3 Rac8 23. Qf2 b6 24. Be2 Nc5 25. Nc3 Qb7 26. Bf3 Qb8 27. Bxc5 Rxc5 28.
Nb1 Rdc8 29. Nd2 d5 30. exd5 Qxf4 31. dxe6 fxe6 32. Bb7 Qxf2+ 33. Kxf2 R8c7 34. Be4 Rg5 35. Nf3 Bc5+ 36. Kf1 Rg4 37. Re1 Rf7 38. h3 Rgf4 39. Bc6 Rf8 40. Rxe6 Bg6 41. Rce2 Rd8 42. Bd5 Kf8 43.
Ke1 Bd3 44. Rd2 Bb4 45. Ne5 Bxd2+ 46. Kxd2 Be4 47. Ke3 Bxd5 48. cxd5 Rxa4 49. d6 Ra3+ 50. Ke4 Ra1 51. Nc6 Rd7 52. Ne5 Re1+ 53. Kd5 Rd1+ 54. Kc6 Rd8 55. Kc7 Re8 56. Rxe8+ Kxe8 57. d7+ Ke7 58. Nc6+ Kf6 59. d8=Q+ Rxd8 60. Kxd8 a4 61. Nb4 Ke5 62. Kc7 Kf4 63. Kxb6 Kg3 64. Ka5 Kxg2 65. b6 g5 66. b7 h5 67. b8=Q g4 68. Qb7+ Kxh3 69.
Qb6 g3 70. Qe3 h4 71. Nd3 Kh2 72. Ne1 g2 73. Qf4+ Kg1 74. Qf3 Kh2 75. Qxg2# 1-0

[Event "Late-Titled-Tuesday-Blitz-September-12-2023"]
[Site "Chess.com"]
[Date "2023.09.12"]
[Round "9"]
[White "HansOnTwitch"]
[Black "Fandorine"]
[Result "1/2-1/2"]
[WhiteElo "3072"]
[BlackElo "2909"]
[TimeControl "180+1"]
[EndTime "15:41:03 PDT"]
[Termination "Game drawn by repetition"]

1. e4 e6 2. d4 d5 3. Nc3 Nf6 4.
e5 Nfd7 5. f4 c5 6. Nf3 Nc6 7.
Be3 Qb6 8. Na4 Qa5+ 9. c3 b6 10.
Bd2 c4 11. b4 Nxb4 12. cxb4 Bxb4 13. Bxb4 Qxb4+ 14. Kf2 b5 15. Nc5 Nxc5 16. dxc5 Qxc5+ 17.
Qd4 Qxd4+ 18. Nxd4 b4 19. a3 b3 20. Ke3 Bd7 21.
Kd2 Ke7 22. Kc3 Rab8 23. Re1 Rhc8 24. Be2 Rc5 25. Ra1 Ra5 26. Rhb1 Rf8 27. Bf3 Rc5 28. Re1 a5 29. Re3 a4 30. g4 f6 31. f5 fxe5 32.
Rxe5 Kd6 33. Rae1 exf5 34. Nxf5+ Bxf5 35. gxf5 Rf6 36. Kd4 Rb5 37. Bxd5 b2 38. Rb1 c3 39. Re2 Rxd5+ 40. Kxc3 Rfxf5 41. Rexb2 Rf3+ 42. Kc4 Rf4+ 43. Kc3 Rc5+ 44. Kd3 Kd5 45. Ke3 Re4+ 46. Kf2 Rec4 47.
Rd2+ Ke5 48. Rb7 Rc7 49. Rb5+ Kf4 50. Rbd5 g6 51. R5d4+ Ke5 52. Rd5+ Kf6 53. Ra5 Kg7 54. Kg2 Kh6 55. Rf2 Re4 56. Kg3 Rc3+ 57. Rf3 Ree3 58.
Rxe3 Rxe3+ 59. Kg4 Rxa3 60. Ra7 Ra1 61. h4 a3 62. Kg3 Ra2 63. Kg4 Rg2+ 64. Kh3 Ra2 65. Kg3 Ra1 66. Kg2 a2 67. Kh2 Kh5 68. Rxh7+ Kg4 69. Ra7 Kxh4 70. Kg2 g5 71. Ra4+ Kh5 72. Ra8 Kg6 73. Ra6+ Kf5 74. Ra5+ Ke4 75. Ra8 Kd3 76. Rd8+ Kc4 77. Rc8+ Kb4 78. Rb8+ Kc3 79. Rc8+ Kd4 80.
Rd8+ Ke5 81. Re8+ Kd6 82. Rd8+ Kc7 83. Ra8 Kb7 84. Ra3 g4 85. Ra4 g3 86. Ra3 Kb6 87.
Ra8 Kb5 88. Rb8+ Kc6 89. Ra8 Kb7 90. Ra3 Kb6 91. Ra4 Kb7 92. Ra3 1/2-1/2

[Event "Late-Titled-Tuesday-Blitz-September-12-2023"]
[Site "Chess.com"]
[Date "2023.09.12"]
[Round "9"]
[White "Nigerianprodigy"]
[Black "ChEsper99"]
[Result "1/2-1/2"]
[WhiteElo "2367"]
[BlackElo "2235"]
[TimeControl "180+1"]
[EndTime "15:41:07 PDT"]
[Termination "Game drawn by repetition"]

1. e4 c5 2. Nf3 d6 3. d4 cxd4 4. Nxd4 Nf6 5. Nc3 a6 6. h3 e5 7. Nb3 Be6 8. Be2 Be7 9. g4 d5 10. exd5 Nxd5 11. Nxd5 Qxd5 12. Bf3 Qxd1+ 13. Bxd1 Bd5 14.
O-O Nc6 15. c3 O-O-O 16. Be2 h5 17. Be3 Be6 18. Rfd1 hxg4 19. hxg4 Rh4 20. Rxd8+ Kxd8 21. f3 f5 22. Nc5 Bxc5 23. Bxc5 fxg4 24. Rd1+ Kc7 25. Rd6 gxf3 26. Bxf3 Bg4 27. Bg2 Rh6 28.
Rxh6 gxh6 29. Bf8 h5 30. Kf2 Nd8 31. Ke3 Ne6 32. Bh6 Bf5 33. Bd5 h4 34. Kf3 h3 35.
Kg3 Kd6 36. Bxb7 a5 37. Be3 a4 38. b3 axb3 39. axb3 Bc2 40. b4 Bf5 41. c4 Bd3 42. c5+ Kc7 43. Bd5 Nd4 44. Kxh3 Nc2 45. Bd2 Bb5 46. Kg4 Bc6 47. Be6 Be4 48. Kg5 Kc6 49.
Kf6 Bd5 50. Kxe5 Bxe6 51. Kxe6 Kb5 52. Kd7 Nd4 53. Bc3 Nc6 54. Kd6 Na7 55. Kc7 Nc6 56.
Kb7 Nd8+ 57. Kc8 Nc6 58. Be1 Na7+ 59. Kb7 Nc6 60. Kc7 Na7 61. Kb7 Nc6 62. Bd2 Nd8+ 63. Kc7 Nc6 64. Kd7 Na7 65. Kd6 Nc6 66.
Kd5 Na7 67. Ke4 Nc6 68. Kd3 Na7 69. Kc2 Nc6 70. Kb3 Na7 71. Bg5 Nc6 72. Bd2 Na7 73. Kc3 Nc6 74. Kd3 Na7 75. Ke4 Nc6 76. Kd5 Na7 77.
Kd6 Nc6 78. Kc7 Na7 79. Kd7 Nc6 80. Bc3 Na7 81. Kc7 Nc6 82. Kb7 Nd8+ 83. Kc7 Nc6 1/2-1/2

[Event "Late-Titled-Tuesday-Blitz-September-12-2023"]
[Site "Chess.com"]
[Date "2023.09.12"]
[Round "9"]
[White "BogdanDeac"]
[Black "Bigfish1995"]
[Result "1/2-1/2"]
[WhiteElo "2982"]
[BlackElo "3068"]
[TimeControl "180+1"]
[EndTime "15:41:12 PDT"]
[Termination "Game drawn by repetition"]

1. d4 h6 2. e4 c6 3. Bd3 d5 4. e5 c5 5. dxc5 Nc6 6. f4 e6 7.
Be3 g5 8. Qh5 Qa5+ 9. Bd2 Qxc5 10. Nc3 Bd7 11. Nf3 gxf4 12. O-O-O Nb4 13. Kb1 Ne7 14. a3 Nxd3 15. cxd3 Ng6 16. Ne2 Qb5 17.
Ned4 Qxd3+ 18. Ka1 Qa6 19. Rc1 Be7 20. Rc7 Bd8 21. Rc3 Ba5 22. Rc2 Bxd2 23. Nxd2 Rc8 24. Rxc8+ Bxc8 25. Rc1 Bd7 26. N2f3 Qb6 27. g3 fxg3 28.
hxg3 Ke7 29. g4 Rc8 30. Rxc8 Bxc8 31. Qxh6 Qc5 32. Qg5+ Ke8 33. Qh6 Bd7 34. Qh7 Qf8 35. Qh2 Kd8 36. Qd2 Kc8 37. Qa5 Kb8 38. Qc3 b6 39.
Qd2 Qc5 40. Qg5 Kc8 41. Qf6 Qe7 42. Qg7 Be8 43. Qh6 Kb7 44. Qd2 Qc7 45. Qg5 a5 46.
Qf6 Qe7 47. Qg7 Qf8 48. Qf6 Qe7 49. Qg7 Ka6 50. Qh7 Qc7 51. Qg7 Qc1+ 52. Ka2 Qc4+ 53. Ka1 Qc5 54. Qg8 Qf8 55. Qh7 Qh8 56. Qxh8 Nxh8 57.
Kb1 Kb7 58. Kc2 Kc7 59. Kd2 Kd7 60. Ke3 Ke7 61. g5 Ng6 62. Ne2 Kf8 63. Nf4 Ne7 64.
Nd4 Bd7 65. Nh5 Ng6 66. Nf3 Ke7 67. Nf4 Nf8 68. Nh4 Be8 69. b4 a4 70. Nf3 b5 71.
Nd4 Nd7 72. Nd3 Nb6 73. Nb2 Kf8 74. Kf4 Kg7 75. Kg4 Kg6 76. Ne2 Nc4 77. Nxc4 dxc4 78. Nf4+ Kg7 79. Kf3 Bc6+ 80. Ke3 Bd5 81. Kd4 Bf3 82. Ke3 Bg4 83. Kd4 Bf5 84. Kc3 Kh7 85. Kd4 Bg4 86. Kc3 Bf3 87. Kd4 Kg7 88. Kc3 Bd5 89. Kd4 Kh7 90. Kc3 Kg7 91. Kd4 1/2-1/2

[Event "Late-Titled-Tuesday-Blitz-September-12-2023"]
[Site "Chess.com"]
[Date "2023.09.12"]
[Round "9"]
[White "temus_galaktionov"]
[Black "Vaibhavraut99"]
[Result "1/2-1/2"]
[WhiteElo "2818"]
[BlackElo "2590"]
[TimeControl "180+1"]
[EndTime "15:42:30 PDT"]
[Termination "Game drawn by 50-move rule"]

1. d4 Nf6 2. Nf3 e6 3. c4 d5 4. Nc3 Be7 5. Bf4 O-O 6. e3 b6 7. Bd3 dxc4 8. Bxc4 Bb7 9. O-O Nbd7 10. Qe2 a6 11.
Rfd1 b5 12. Bb3 c5 13. dxc5 Bxc5 14. Bd6 Bxd6 15. Rxd6 Qc7 16. Rad1 Nc5 17. R6d4 Nxb3 18. axb3 Rfd8 19. Qd2 Rxd4 20. Qxd4 Bxf3 21. gxf3 h6 22. Kg2 Qb7 23. Qe5 Rc8 24. Rd6 b4 25. Na4 Rc2 26. Qd4 Qb5 27. h4 Qf5 28. Qd3 Qxd3 29. Rxd3 Nd5 30.
Kg3 g5 31. hxg5 hxg5 32. Rd4 Kg7 33. Rc4 Rd2 34. Rc6 a5 35. Rc5 f5 36. Rxa5 f4+ 37.
exf4 gxf4+ 38. Kg2 Ne3+ 39. Kg1 Nd1 40. Rb5 Nxf2 41. Kf1 Nh3 42. Nc5 Rxb2 43. Rxb4 Rf2+ 44. Ke1 Rxf3 45. Nxe6+ Kf6 46. Nd4 Re3+ 47. Kd2 Ng5 48. Rb5 Ne4+ 49. Kc2 Kg6 50. Rf5 Rc3+ 51. Kb2 Rd3 52.
Rxf4 Rxd4 53. Ka3 Kg5 54. Rf8 Nd6 55. Rb8 Kf5 56. b4 Ke6 57. Ka4 Rd1 58. Ka5 Ra1+ 59. Kb6 Rb1 60. Kc6 Rc1+ 61. Kb6 Kd5 62. b5 Rb1 63.
Kc7 Nxb5+ 64. Kd7 Kc5 65. Rc8+ Kb4 66. Ke6 Re1+ 67. Kf6 Nd6 68. Rc6 Ne4+ 69. Kf5 Nc5 70. Rd6 Kc4 71. Rd8 Nb3 72. Kf6 Nd4 73. Kf7 Rf1+ 74.
Kg6 Kd3 75. Re8 Nc6 76. Re6 Rc1 77.
Kf6 Kd4 78. Rd6+ Kc5 79. Re6 Kd5 80. Re8 Rf1+ 81. Kg5 Ne5 82. Kh4 Ke4 83. Kg3 Rf3+ 84. Kg2 Ra3 85. Rf8 Nd3 86. Kg3 Ne5+ 87. Kg2 Ra2+ 88.
Kg3 Ra7 89. Kg2 Rg7+ 90. Kf2 Rh7 91. Kg2 Nd3 92. Kg3 Rg7+ 93. Kh4 Nf4 94. Ra8 Nd3 95. Ra4+ Kf3 96. Kh5 Nf4+ 97. Kh6 Rg8 98. Kh7 Rg1 99.
Kh8 Kg4 100. Kg7 Kf5+ 101. Kf7 Rh1 102. Ke7 Rh7+ 103. Kd6 Nd3 104. Rd4 Ne5 105. Kd5 Rd7+ 106. Kc5 Rc7+ 107. Kd5 Nf3 108. Ra4 Rd7+ 109. Kc5 Rd1 110. Ra8 Rc1+ 111. Kd5 Rd1+ 112. Kc5 Ne5 113. Rh8 Rc1+ 1/2-1/2

[Event "Late-Titled-Tuesday-Blitz-September-12-2023"]
[Site "Chess.com"]
[Date "2023.09.12"]
[Round "10"]
[White "reevecanada"]
[Black "MajorCoast"]
[Result "1-0"]
[WhiteElo "2492"]
[BlackElo "2282"]
[TimeControl "180+1"]
[EndTime "15:44:14 PDT"]
[Termination "reevecanada won by resignation"]

1. e4 c6 2. c4 g6 3. Nc3 d5 4. cxd5 cxd5 5. Nxd5 Bg7 6. d4 Nc6 7. Be3 e6 8. Nc3 Nxd4 9. Bxd4 Qxd4 10. Bb5+ Bd7 11.
Qb3 Ne7 12. Rd1 1-0

[Event "Late-Titled-Tuesday-Blitz-September-12-2023"]
[Site "Chess.com"]
[Date "2023.09.12"]
[Round "10"]
[White "Flaccidmoves"]
[Black "Orest_Vovk"]
[Result "0-1"]
[WhiteElo "2447"]
[BlackElo "2581"]
[TimeControl "180+1"]
[EndTime "15:46:13 PDT"]
[Termination "Orest_Vovk won by resignation"]

1. c4 g5 2. d4 h6 3. e4 Bg7 4. Nc3 c5 5. dxc5 Bxc3+ 6. bxc3 Nc6 7. Nf3 Qa5 8. Be3 Qxc3+ 9. Nd2 Nf6 10. Rc1 Qa5 11.
h4 g4 12. h5 Nxe4 13. Qxg4 Nf6 14. Qf3 b6 15. cxb6 axb6 16. Be2 Bb7 17. Qf5 Qxf5 0-1

[Event "Late-Titled-Tuesday-Blitz-September-12-2023"]
[Site "Chess.com"]
[Date "2023.09.12"]
[Round "10"]
[White "Vadim_Biliy"]
[Black "Defenstrator"]
[Result "0-1"]
[WhiteElo "2189"]
[BlackElo "2357"]
[TimeControl "180+1"]
[EndTime "15:46:22 PDT"]
[Termination "Defenstrator won by resignation"]

1. d4 d5 2. Nf3 Bf5 3. e3 Nc6 4. Bd3 Bxd3 5. cxd3 g6 6. O-O Bg7 7. b3 e5 8. dxe5 Nxe5 9. Nxe5 Bxe5 10. d4 Bg7 11.
Ba3 Ne7 12. Qf3 O-O 13. Bxe7 Qxe7 14. Qxd5 c5 15. Rd1 cxd4 16. exd4 Rfd8 17. Qc4 Rac8 18. Qa4 Rxd4 0-1

[Event "Late-Titled-Tuesday-Blitz-September-12-2023"]
[Site "Chess.com"]
[Date "2023.09.12"]
[Round "10"]
[White "stasOR4ik"]
[Black "ilya2700"]
[Result "1-0"]
[WhiteElo "2432"]
[BlackElo "2295"]
[TimeControl "180+1"]
[EndTime "15:46:47 PDT"]
[Termination "stasOR4ik won by resignation"]

1. e4 c5 2. c3 Nf6 3. e5 Nd5 4.
d4 cxd4 5. Nf3 d6 6. Bc4 dxe5 7. Nxe5 e6 8. Qxd4 Qb6 9. Qe4 Bc5 10. O-O Nd7 11. Bxd5 Nf6 12. Qa4+ Nd7 13. Be4 1-0

[Event "Late-Titled-Tuesday-Blitz-September-12-2023"]
[Site "Chess.com"]
[Date "2023.09.12"]
[Round "10"]
[White "canary2016"]
[Black "FeketeBarika"]
[Result "0-1"]
[WhiteElo "2114"]
[BlackElo "2360"]
[TimeControl "180+1"]
[EndTime "15:46:50 PDT"]
[Termination "FeketeBarika won by resignation"]

1. d4 e6 2. c4 Nf6 3. Nc3 d5 4. Nf3 Be7 5. e3 O-O 6. Qc2 c5 7. b3 dxc4 8. bxc4 Nc6 9. d5 exd5 10. cxd5 Nb4 11. Qb3 Nfxd5 12. Bc4 Nxc3 13. Qxc3 Bf6 14. Qb3 Bxa1 15. O-O Bf6 16. Rd1 Qe7 17. Ba3 a5 18. h3 Bf5 19. Bb2 a4 20. Qa3 Rfd8 21.
Rf1 Nc2 22. Bxf6 Qxf6 23. Qxc5 Rac8 24. Qb5 Na3 0-1

[Event "Late-Titled-Tuesday-Blitz-September-12-2023"]
[Site "Chess.com"]
[Date "2023.09.12"]
[Round "10"]
[White "wild3000"]
[Black "KamlaPasand"]
[Result "1-0"]
[WhiteElo "2407"]
[BlackElo "2285"]
[TimeControl "180+1"]
[EndTime "15:47:00 PDT"]
[Termination "wild3000 won by resignation"]

1. a4 e5 2. a5 d5 3. e3 Nf6 4. Nf3 Bd6 5. Nc3 O-O 6. Nb5 c6 7.
Nxd6 Qxd6 8. b3 Re8 9. Be2 Bg4 10.
h3 Bxf3 11. Bxf3 Nbd7 12. O-O c5 13. Bb2 b5 14. axb6 axb6 15. d3 Rxa1 16. Qxa1 d4 17. Qa6 g6 18. Ra1 h6 19. Qb7 Kh7 20. Ra7 Re7 21. Qc6 Qb8 22. Rb7 Qd8 23. b4 Nb8 24. Qxb6 Qxb6 25. Rxb6 Nbd7 26. Rb7 cxb4 27. Rxb4 dxe3 28.
fxe3 e4 29. Bxe4 Nxe4 30. dxe4 Nc5 31. Rb8 g5 32. e5 Nd7 33. Rb7 Kg8 34. Ba3 Rxe5 35.
Rxd7 Rxe3 36. Rd3 Re1+ 37. Kf2 Ra1 38. Bd6 Ra2 39. Rd2 f5 40. Ke3 Kf7 41. c4 Ke6 42. Rxa2 1-0

[Event "Late-Titled-Tuesday-Blitz-September-12-2023"]
[Site "Chess.com"]
[Date "2023.09.12"]
[Round "10"]
[White "tactic"]
[Black "laiciffOneslraCsungaM"]
[Result "1-0"]
[WhiteElo "2605"]
[BlackElo "2323"]
[TimeControl "180+1"]
[EndTime "15:47:01 PDT"]
[Termination "tactic won by resignation"]

1. e4 c5 2. c3 g6 3. d4 cxd4 4.
cxd4 d5 5. e5 Bg7 6. Nf3 Nc6 7.
Bb5 Bg4 8. Bxc6+ bxc6 9. Nbd2 Nh6 10. h3 Bxf3 11. Nxf3 O-O 12. Bxh6 Bxh6 13. O-O Qb6 14. Qc2 Rac8 15. Qb3 e6 16. Qxb6 axb6 17. b4 c5 18. dxc5 bxc5 19. b5 Ra8 20. a4 c4 21. a5 c3 22. Nd4 Rfc8 23. b6 Rc4 24. b7 Rb8 25. a6 1-0

[Event "Late-Titled-Tuesday-Blitz-September-12-2023"]
[Site "Chess.com"]
[Date "2023.09.12"]
[Round "10"]
[White "Vyacheslav_N"]
[Black "ferdipy"]
[Result "1-0"]
[WhiteElo "2484"]
[BlackElo "2289"]
[TimeControl "180+1"]
[EndTime "15:47:05 PDT"]
[Termination "Vyacheslav_N won by resignation"]

1. e4 e6 2. d4 d5 3. Nc3 Bb4 4. Ne2 Nf6 5. e5 Nfd7 6. a3 Be7 7. Nb1 c5 8. c3 Nc6 9. f4 Qb6 10. b4 cxd4 11. cxd4 a5 12. bxa5 Nxa5 13. Nbc3 Nc4 14. a4 O-O 15. g3 f6 16. exf6 Bxf6 17. Bg2 e5 18. Bxd5+ Kh8 19. Bxc4 exd4 20. Nd5 Re8 21. Nxb6 Nxb6 22. Bd3 Bg4 23. O-O Nd5 24.
Bd2 Re7 25. Re1 Rae8 26. Kf2 Ne3 27. Bxe3 dxe3+ 28. Kg2 Bxa1 29. Qxa1 Rd8 30. Qc3 Red7 31. Bb5 Re7 32. h3 Bf5 33. Nd4 Be4+ 34. Kg1 Bd5 35. Rxe3 Rxe3 36. Qxe3 1-0

[Event "Late-Titled-Tuesday-Blitz-September-12-2023"]
[Site "Chess.com"]
[Date "2023.09.12"]
[Round "10"]
[White "diamonds13"]
[Black "PNEPaul"]
[Result "1-0"]
[WhiteElo "2339"]
[BlackElo "1924"]
[TimeControl "180+1"]
[EndTime "15:47:08 PDT"]
[Termination "diamonds13 won by resignation"]

1. d4 a6 2. c4 d6 3. Nc3 g6 4. e4 Bg7 5. f4 h6 6. Nf3 e6 7. Be2 Nd7 8. O-O Ne7 9. f5 O-O 10. g4 exf5 11. gxf5 c6 12. Qe1 d5 13. cxd5 cxd5 14.
fxg6 fxg6 15. Nxd5 Nxd5 16. exd5 Qb6 17. Bd3 Bxd4+ 18.
Kh1 Bg7 19. Qe6+ Qxe6 20. dxe6 Nc5 21. e7 Re8 22. Bxg6 Rxe7 23. Bf4 Bh3 24. Rg1 Ne6 25.
Bd6 Rd7 26. Be5 Rd3 27. Bxd3 1-0

[Event "Late-Titled-Tuesday-Blitz-September-12-2023"]
[Site "Chess.com"]
[Date "2023.09.12"]
[Round "10"]
[White "picturesquecheck"]
[Black "chosenpr"]
[Result "1-0"]
[WhiteElo "2343"]
[BlackElo "2359"]
[TimeControl "180+1"]
[EndTime "15:47:18 PDT"]
[Termination "picturesquecheck won by resignation"]

1. e4 e5 2. Nf3 Nf6 3. Nxe5 d6 4. Nf3 Nxe4 5. Nc3 Nxc3 6. dxc3 Be7 7. Be3 O-O 8. Qd2 Nd7 9. O-O-O Nf6 10. Bd3 c5 11. Kb1 Qa5 12. c4 Qxd2 13. Rxd2 Ng4 14. Bf4 Be6 15. h3 Nf6 16. Rhd1 d5 17. Ng5 Nd7 18. cxd5 Bxg5 19. Bxg5 Bxd5 20. Bxh7+ Kxh7 21. Rxd5 Nb6 22. Rxc5 Rac8 23. Be3 Nc4 24. Rxc8 Rxc8 25. Rd7 Re8 26. b3 Nxe3 27. fxe3 Rxe3 28. Rxb7 Kg6 29.
Rxa7 Re2 30. g4 Rh2 31. a4 Rxh3 32. a5 Rh8 33. a6 Rb8 34. Rb7 Ra8 35. a7 Kf6 36. b4 Ke6 37. b5 Kd6 38. b6 Kc6 39.
Rb8 1-0

[Event "Late-Titled-Tuesday-Blitz-September-12-2023"]
[Site "Chess.com"]
[Date "2023.09.12"]
[Round "10"]
[White "traack"]
[Black "nitpicker"]
[Result "1-0"]
[WhiteElo "2356"]
[BlackElo "2261"]
[TimeControl "180+1"]
[EndTime "15:47:25 PDT"]
[Termination "traack won by checkmate"]

1. e4 c5 2. Nf3 d6 3. d4 cxd4 4.
Nxd4 Nf6 5. Nc3 Nc6 6. Bg5 Qb6 7. Nb3 e6 8. Qd2 a6 9. O-O-O Be7 10. f3 O-O 11.
Kb1 Rd8 12. g4 Qc7 13. h4 b5 14. h5 Bb7 15. h6 g6 16. Qf4 Ne8 17. Bxe7 Qxe7 18.
g5 Rac8 19. Bh3 Ne5 20. Qg3 Nc4 21. f4 Qc7 22. f5 b4 23. fxg6 bxc3 24. gxf7+ Qxf7 25. Rhf1 Qg6 26. Nd4 Nd2+ 27. Rxd2 cxd2 28. Nxe6 Bxe4 29.
Rf8# 1-0

[Event "Late-Titled-Tuesday-Blitz-September-12-2023"]
[Site "Chess.com"]
[Date "2023.09.12"]
[Round "10"]
[White "farzadbfd"]
[Black "malakismayil"]
[Result "1-0"]
[WhiteElo "2693"]
[BlackElo "2512"]
[TimeControl "180+1"]
[EndTime "15:47:34 PDT"]
[Termination "farzadbfd won by resignation"]

1. d4 Nf6 2. Nf3 d5 3. c4 e6 4. Nc3 Be7 5. Bg5 O-O 6. e3 h6 7.
Bh4 dxc4 8. Bxc4 a6 9. O-O b5 10. Be2 Bb7 11. a4 b4 12. Nb1 a5 13. Nbd2 c5 14. Nc4 cxd4 15. Nxd4 Nbd7 16. Bf3 Bxf3 17. Qxf3 Nd5 18. Nc6 Qe8 19. Bxe7 Nxe7 20. Nd6 Nxc6 21. Nxe8 Nde5 22. Qe4 f5 23. Qc2 Rfxe8 24. f4 b3 25.
Qc3 Ng4 26. Qxc6 Nxe3 27. Rf3 Nc2 28. Rd1 Rac8 29. Qa6 Nb4 30. Qxa5 Nd5 31. Rxd5 exd5 32. Qxd5+ Kh8 33. Qxb3 Re2 34. h3 Rcc2 35. Rg3 Re1+ 36. Kh2 Rcc1 37. Rc3 Rh1+ 38. Kg3 Rce1 39. Rc8+ Kh7 40. Qg8+ Kg6 41. Rc6+ 1-0

[Event "Late-Titled-Tuesday-Blitz-September-12-2023"]
[Site "Chess.com"]
[Date "2023.09.12"]
[Round "10"]
[White "GMJustin"]
[Black "CuteSheepCloud"]
[Result "0-1"]
[WhiteElo "2210"]
[BlackElo "2634"]
[TimeControl "180+1"]
[EndTime "15:47:37 PDT"]
[Termination "CuteSheepCloud won on time"]

1. d4 Nf6 2. c4 e6 3. Nf3 Bb4+ 4. Bd2 a5 5. Qc2 O-O 6. e4 d6 7. Bd3 h6 8. O-O Nbd7 9. Bc1 a4 10. a3 Ba5 11. Qxa4 c5 12. d5 Nb6 13. Qc2 exd5 14. exd5 Bg4 15. Nbd2 Nbd7 16. h3 Bxd2 17. Nxd2 Bh5 18. g4 Bg6 19. Bxg6 fxg6 20. Qxg6 Ne5 21. Qc2 Qd7 22. f3 Rae8 23. Kg2 h5 24. g5 Nh7 25. h4 Rf4 26. Rh1 Nxf3 0-1

[Event "Late-Titled-Tuesday-Blitz-September-12-2023"]
[Site "Chess.com"]
[Date "2023.09.12"]
[Round "10"]
[White "MathiasCasalaspro"]
[Black "Schwindle"]
[Result "1-0"]
[WhiteElo "2323"]
[BlackElo "2424"]
[TimeControl "180+1"]
[EndTime "15:47:43 PDT"]
[Termination "MathiasCasalaspro won by resignation"]

1. e4 e6 2. d4 d5 3. Nc3 Nf6 4. Bg5 Be7 5. e5 Nfd7 6. h4 h6 7. Bxe7 Qxe7 8. h5 a6 9. Qg4 f5 10. exf6 Nxf6 11. Qg6+ Qf7 12. Qxf7+ Kxf7 13. Nf3 Nbd7 14.
O-O-O Rf8 15. Bd3 Kg8 16. Rde1 Re8 17. Bg6 Re7 18. Ne5 Nxe5 19. Rxe5 Bd7 20. f3 Be8 21.
Rhe1 Bxg6 22. hxg6 Rae8 23. Ne2 Nd7 24. Re3 c5 25. c3 cxd4 26. cxd4 e5 27. Nf4 Re6 28. Nxe6 1-0

[Event "Late-Titled-Tuesday-Blitz-September-12-2023"]
[Site "Chess.com"]
[Date "2023.09.12"]
[Round "10"]
[White "szachmistrz2500"]
[Black "Hilary46"]
[Result "0-1"]
[WhiteElo "2463"]
[BlackElo "2556"]
[TimeControl "180+1"]
[EndTime "15:47:56 PDT"]
[Termination "Hilary46 won by resignation"]

1. Nf3 d5 2. g3 Nf6 3. Bg2 c6 4. O-O Bg4 5. d3 Nbd7 6. Nbd2 e6 7.
e4 dxe4 8. dxe4 Be7 9. h3 Bxf3 10.
Qxf3 O-O 11. Qe2 a5 12. e5 Nd5 13. c4 Nb4 14. Nf3 Nc5 15. Rd1 Qc7 16. a3 Nb3 17. Rb1 Nxc1 18. Rbxc1 Na6 19. Rd2 a4 20. Rcd1 Rad8 21.
h4 Nc5 22. h5 Nb3 23. Rd3 Rxd3 24. Qxd3 Rd8 25. Qe2 Rxd1+ 26. Qxd1 Qd8 27. Qxd8+ Bxd8 28. Kf1 Bb6 29. Ke2 Nd4+ 30. Ke1 Nxf3+ 31. Bxf3 Bd4 32. Bd1 Bxe5 33. Bxa4 Bxb2 34. Ke2 Bxa3 35. Kd3 Bc5 36. f3 f5 37. g4 Kf7 38. Bc2 Kf6 39. Ke2 Kg5 40. gxf5 exf5 41. h6 g6 0-1

[Event "Late-Titled-Tuesday-Blitz-September-12-2023"]
[Site "Chess.com"]
[Date "2023.09.12"]
[Round "10"]
[White "ChEsper99"]
[Black "Dewarfd"]
[Result "0-1"]
[WhiteElo "2226"]
[BlackElo "2213"]
[TimeControl "180+1"]
[EndTime "15:48:06 PDT"]
[Termination "Dewarfd won on time"]

1. e4 e5 2. Nf3 Nc6 3. d4 exd4 4. Nxd4 Nf6 5. Nc3 Bb4 6. Nxc6 bxc6 7. Bd3 O-O 8. O-O d5 9. Bg5 Bxc3 10. bxc3 dxe4 11. Bxf6 Qxf6 12. Bxe4 Qxc3 13. Re1 Be6 14. Re3 Qf6 15. Bxc6 Bg4 16. Bf3 Rad8 17. Rd3 Bxf3 18. gxf3 Rxd3 19.
cxd3 Rd8 20. Rc1 Qg6+ 0-1

[Event "Late-Titled-Tuesday-Blitz-September-12-2023"]
[Site "Chess.com"]
[Date "2023.09.12"]
[Round "10"]
[White "dennisodessa"]
[Black "GAO"]
[Result "1-0"]
[WhiteElo "2512"]
[BlackElo "2338"]
[TimeControl "180+1"]
[EndTime "15:48:08 PDT"]
[Termination "dennisodessa won by resignation"]

1. d4 Nf6 2. c4 g6 3. Nc3 Bg7 4.
e4 d6 5. f3 O-O 6. Be3 e5 7.
d5 a5 8. Bd3 Na6 9. Nge2 Nc5 10. Bc2 Bd7 11. Qd2 Nh5 12. g4 Nf4 13. Nxf4 exf4 14. Bxf4 a4 15. a3 Re8 16. O-O-O Qb8 17. Nb5 Bxb5 18. cxb5 Qa7 19. Kb1 Qb6 20. Bd3 Ra5 21.
Be3 f5 22. gxf5 gxf5 23. Rhg1 Kh8 24. Rxg7 Kxg7 25. Bd4+ Kf7 26. Rg1 Ke7 27. Qg5+ Kd7 28. Qxf5+ Ne6 1-0

[Event "Late-Titled-Tuesday-Blitz-September-12-2023"]
[Site "Chess.com"]
[Date "2023.09.12"]
[Round "10"]
[White "APOKALIPSA13"]
[Black "lilylg"]
[Result "1-0"]
[WhiteElo "2257"]
[BlackElo "2160"]
[TimeControl "180+1"]
[EndTime "15:48:08 PDT"]
[Termination "APOKALIPSA13 won by resignation"]

1. e4 c6 2. d4 d5 3. exd5 cxd5 4. c4 Nf6 5. Nc3 e6 6. c5 Nc6 7. Nf3 Be7 8. Bd3 O-O 9. a3 a5 10. Bg5 b6 11. cxb6 Qxb6 12. Na4 Qa7 13. Rc1 Bd7 14. O-O h6 15. Bh4 Rfc8 16. Ne5 Nxd4 17. Rxc8+ Rxc8 18. Nxd7 Qxd7 19. Nb6 Qb7 20. Nxc8 Qxc8 21. Bb1 Nc6 22. Qc2 Na7 23. Rc1 Qd8 24. Qc7 g5 25. Bg3 1-0